 Dungeon Crawl Stone Soup version 0.24.0-1-gfbc8707122 (webtiles) character file.

Game seed: 13016280326328869927, levelgen mode: deterministic

210 stevin the Conjurer (level 5, -6/28 HPs)
             Began as a Deep Elf Conjurer on Oct 25, 2019.
             Was an Initiate of Vehumet.
             Killed by nerve-wracking pain
             ... invoked by an orc priest
              (8 damage)
             ... on level 4 of the Dungeon.
             The game lasted 00:24:30 (2762 turns).

stevin the Conjurer (Deep Elf Conjurer)             Turns: 2762, Time: 00:24:31

Health: -6/28      AC:  5    Str:  4 (5)  XL:     5   Next: 56%
Magic:  0/13       EV: 16    Int: 21      God:    Vehumet [......]
Gold:   83         SH:  4    Dex: 20      Spells: 10/13 levels left

rFire    . . .     SeeInvis .   (no weapon)
rCold    . . .     Gourm    .   j - +0 buckler
rNeg     . . .     Faith    .   i - +0 leather armour
rPois    .         Spirit   +   (no helmet)
rElec    .         Reflect  .   (no cloak)
rCorr    .         Harm     .   b - +0 pair of gloves
MR       .....                  q - +0 pair of boots
Stlth    +++.......             f - amulet of guardian spirit
HPRegen  0.09/turn              h - ring of fire
MPRegen  0.13/turn              d - ring of ice

@: agile
A: no striking features
a: Renounce Religion


You were on level 4 of the Dungeon.
You worshipped Vehumet.
Vehumet was noncommittal.
You were not hungry.

You visited 2 branches of the dungeon, and saw 5 of its levels.

You collected 154 gold pieces.
You spent 71 gold pieces at shops.

Inventory:

Hand Weapons
 a - a +0 great sword
Missiles
 e - 159 stones (quivered)
Armour
 b - a +0 pair of gloves (worn)
 i - a +0 leather armour (worn)
 j - a +0 buckler (worn)
 q - a +0 pair of boots (worn)
Jewellery
 d - a ring of ice (right hand)
 f - an amulet of guardian spirit (around neck)
 h - a ring of fire (left hand)
Scrolls
 l - 4 scrolls of teleportation
 m - 4 scrolls of identify
Potions
 k - a potion of invisibility
 p - 2 potions of magic
Comestibles
 c - 3 rations


   Skills:
 + Level 2.5 Dodging
 + Level 3.0 Stealth
 + Level 4.5 Spellcasting
 * Level 6.7 Conjurations


You had 10 spell levels left.
You knew the following spells:

 Your Spells              Type           Power        Failure   Level  Hunger
a - Magic Dart            Conj           ####         2%          1    None
b - Searing Ray           Conj           ####..       3%          2    #......

Your spell library contained the following spells:

 Spells                   Type           Power        Failure   Level  Hunger
 Iskenderun's Mystic Bla  Conj           ####....     22%         4    ####...
 Dazzling Spray           Conj/Hex       ###...       26%         3    ##.....
 Force Lance              Conj/Tloc      ###.....     63%         4    ####...
 Fulminant Prism          Conj/Hex       ###.......   63%         4    ####...


Dungeon Overview and Level Annotations

Branches:
Dungeon (4/15)             Temple (1/1) D:4

Altars:
Ashenzari
Gozag
Kikubaaqudgha
Uskayaw
Vehumet
Yredelemnul

Shops:
D:4 *


Message History

Press: ? - help, Shift-Dir - straight line, f/p - orc priest
Aim: an orc priest, wielding a +0 flail (heavily wounded)
The magic dart hits the orc priest.
The orc priest is almost dead.
The orc shouts!
Casting: Magic Dart (safe; 2% risk of failure)
Confirm with . or Enter, or press ? or * to list all spells.
Aiming: Magic Dart (safe; 2% risk of failure)
Press: ? - help, Shift-Dir - straight line, f/p - orc priest
Aim: an orc priest, wielding a +0 flail (almost dead)
The magic dart hits the orc priest.
The orc priest is almost dead.
The orc priest mumbles some strange prayers to Beogh against you.
Beogh smites you!
Ouch! That really hurt!
* * * LOW HITPOINT WARNING * * *
You hear a shout! x2
The orc priest invokes the aid of Beogh against you.
Pain shoots through your body!
You die...

### #.# #.##
#########..#
#........@(#
#####.########.#
####.....# #.#
.........#
#...)....#
.........#
#..)......#
.........#
#....oo....
...####.##
#.......... ####
#... ...........
# ####.
#...........


You could see an orc priest and an orc.

Vanquished Creatures
  A hound (D:4)
  An orc wizard (D:4)
  3 adders
  4 gnolls (D:2)
  A worm (D:3)
  2 dart slugs
  6 leopard geckos
  4 orcs
  A giant cockroach (D:1)
  5 goblins
  6 hobgoblins
  2 jackals (D:2)
  11 kobolds
  A quokka (D:3)
  11 bats
  6 frilled lizards
  10 rats
75 creatures vanquished.

Notes
Turn   | Place    | Note
-------+----------+-------------------------------------------
     0 | D:1      | stevin the Deep Elf Conjurer began the quest for the Orb.
     0 | D:1      | Reached XP level 1. HP: 10/10 MP: 6/6
   247 | D:1      | Reached XP level 2. HP: 15/15 MP: 4/8
   279 | D:1      | Reached skill level 5 in Conjurations
   283 | D:1      | Learned a level 2 spell: Searing Ray
   839 | D:2      | Reached XP level 3. HP: 19/19 MP: 5/9
  1025 | D:2      | Reached XP level 4. HP: 24/24 MP: 1/11
  1837 | D:3      | Reached skill level 6 in Conjurations
  2346 | D:3      | Reached XP level 5. HP: 28/28 MP: 8/12
  2646 | D:4      | Found a staircase to the Ecumenical Temple.
  2655 | Temple   | Entered the Ecumenical Temple
  2660 | Temple   | Became a worshipper of Vehumet
  2694 | D:4      | Found Gitsosa's Goods Gallery.
  2708 | D:4      | Bought a +0 great sword for 71 gold pieces
  2762 | D:4      | Killed from afar by an orc priest

Levels and vault maps discovered:
D:1:      co_arrival_random_square_maze, layout_basic, hangedman_decor_opposing
D:2:      layout_basic
D:3:      layout_basic
D:4:      layout_rooms, minmay_temple_entry_antechambers, serial_rivers,
          chequers_serial_rivers_micro_b, chequers_serial_rivers_micro_c,
          chequers_serial_rivers_micro_b, chequers_serial_rivers_micro_e,
          chequers_serial_rivers_micro_d, chequers_serial_rivers_small_b,
          serial_shops, shop, nicolae_alphabet_shops, uniq_crazy_yiuf_cottage,
          uniq_menkaure
Temple:   nicolae_temple_the_god_donut

Skill      XL: |  1  2  3  4  5 |
---------------+----------------+-----
Conjurations   | 5 6 |  6.7
Stealth        | 3 |  3.0
Spellcasting   | 4 |  4.5
Dodging        | |  2.5

Action                   |  1- 3 |  4- 6 || total
-------------------------+-------+-------++-------
Melee: Dagger            |     1 |       ||     1
 Cast: Magic Dart        |    54 |    95 ||   149
       Searing Ray       |     1 |     1 ||     2
  Use: Scroll            |     4 |     4 ||     8
       Potion            |     1 |     3 ||     4
  Eat: Ration            |       |     2 ||     2
Armor: Robe              |     3 |       ||     3
Dodge: Dodged            |     6 |       ||     6
Block: Buckler           |       |     2 ||     2
